 Dungeon Crawl Stone Soup version 0.15-a0-413-gc6111ba (webtiles) character file.

1300 4tharraofdagon the Spear-Bearer (level 8, -6/63 HPs)
             Began as a Merfolk Gladiator on May 5, 2014.
             Was an Initiate of Cheibriados.
             Killed from afar by a steam dragon (23 damage)
             ... with a ball of steam
             ... on Level 8 of the Dungeon.
             The game lasted 00:13:45 (2368 turns).

4tharraofdagon the Spear-Bearer (Merfolk Gladiator) Turns: 2368, Time: 00:13:45

HP  -6/63        AC 10     Str 18      XL: 8   Next: 32%
MP   9/9         EV  6     Int 11      God: Cheibriados [......]
Gold 201         SH  0     Dex 15      Spells:  0 memorised,  7 levels left

rFire  . . .     SeeInvis .     g - +1,+0 spear (vamp)
rCold  . . .     Clarity  .     u - +0 chain mail
rNeg   . . .     Conserve .     (no shield)
rPois  .         rCorr    .     c - +0 helmet
rElec  .         rRot     .     m - +0 cloak
SustAb . .       Spirit   .     (no gloves)
rMut   .         Warding  .     (no boots)
Saprov . . .     Stasis   .     (no amulet)
MR     .....                    (no ring)
                                (no ring)

@: very slow, not resistant to hostile enchantments, extremely unstealthy
A: change form in water, swift swim, clever 1, high mp 1, regeneration 1
a: Bend Time, Renounce Religion


You were on level 8 of the Dungeon.
You worshipped Cheibriados.
Cheibriados was noncommittal.
You were very hungry.

You visited 2 branches of the dungeon, and saw 9 of its levels.

You collected 201 gold pieces.

Inventory:

Hand weapons
 a - a +0,+0 trident
 g - a +1,+0 vampiric spear (weapon)
Missiles
 k - 3 silver javelins (quivered)
 l - 7 curare-tipped needles
 q - 4 poisoned darts
Armour
 b - a +0 leather armour
 c - a +0 helmet (worn)
 m - a +0 cloak (worn)
 u - a +0 chain mail (worn)
Magical devices
 e - a wand of slowing (12)
 j - a wand of enslavement (10)
 v - a wand of digging (6)
Comestibles
 f - 4 bread rations
 r - a pear
Scrolls
 i - a scroll of random uselessness
 o - 3 scrolls of teleportation
 w - a scroll of immolation {unknown}
 A - a scroll of amnesia {unknown}
 C - a scroll of acquirement {unknown}
Jewellery
 x - an uncursed amulet of stasis
 y - an uncursed ring of teleportation
Potions
 d - 3 potions of curing
 n - a potion of magic
 p - a potion of might {unknown}
 s - 2 potions of heal wounds {unknown}
 t - a potion of lignification {unknown}
 z - a potion of brilliance
 B - a potion of poison {unknown}


   Skills:
 + Level 5.5 Fighting
 * Level 10.4 Polearms
 - Level 2.0 Throwing
 + Level 7.2 Dodging
 + Level 0.7 Invocations
 + Level 1.2 Evocations


You had 7 spell levels left.
You didn't know any spells.

Dungeon Overview and Level Annotations

Branches:
Dungeon (8/15)             Temple (1/1) D:7
   Lair: D:8-11

Altars:
Ashenzari
Cheibriados
Makhleb
Nemelex Xobeh
Okawaru
Trog
Xom
Yredelemnul

Annotations:
D:4 4tharraofdagon's ghost, weakling MfGl
D:8 Gastronok


Innate Abilities, Weirdness & Mutations

You revert to your normal form in water.
You are very nimble and swift while swimming.
Your mind is acute. (Int +2)
You have an increased reservoir of magic (+10% MP).
Your natural rate of healing is unusually fast.


Message History

You are too injured to fight recklessly!
You are too injured to fight recklessly!
You are too injured to fight recklessly!
You are too injured to fight recklessly!
You closely miss the steam dragon.
The steam dragon is severely wounded.
You are engulfed in a cloud of scalding steam.
* * * LOW HITPOINT WARNING * * *
The steam dragon closely misses you.
The steam dragon claws you but does no damage.
You hit the steam dragon but do no damage.
The steam dragon is severely wounded.
You are engulfed in a cloud of scalding steam.
Unknown command.
Drink which item? (? for menu, Esc to quit)
You feel better.
It was a potion of curing.
You are engulfed in a cloud of scalding steam.
The steam dragon breathes steam at you. The ball of steam hits you!
You die...

..(..
... ...
#.# #.#
#.# #(#
#D# #@#
#ยง#
.#.#
#.#
#.#.#
#.#
#.#.#
#.#
#.#.#
#.#
#.#.#
#.#
#.#.#
#.#
###.#.#
#.#
#.....#


You could see a steam dragon.

Vanquished Creatures
  A two-headed ogre (D:3)
  2 sky beasts
  An orc warrior (D:7)
  2 giant frogs
  A water moccasin skeleton (D:8)
  A scorpion (D:7)
  A quasit (D:8)
  2 orc priests (D:6)
  Crazy Yiuf (D:3)
  A hound (D:4)
  2 worker ants (D:5)
  An iguana (D:7)
  4 gnolls (D:5)
  6 adders
  4 shadow imps
  A giant eyeball (D:5)
  3 giant geckos
  2 oozes
  11 orcs
  6 bats
  A giant cockroach (D:6)
  4 goblins
  6 hobgoblins
  4 jackals (D:1)
  4 kobolds
  2 quokkas
  A jackal skeleton (D:7)
  A kobold zombie (D:7)
  4 rats
80 creatures vanquished.

Vanquished Creatures (others)
  A giant spore (D:8)
  A ballistomycete (D:8)
2 creatures vanquished.

Grand Total: 82 creatures vanquished

Notes
Turn   | Place    | Note
--------------------------------------------------------------
     0 | D:1      | 4tharraofdagon, the Merfolk Gladiator, began the quest for the Orb.
     0 | D:1      | Reached XP level 1. HP: 16/16 MP: 1/1
   125 | D:2      | Reached XP level 2. HP: 18/23 MP: 2/2
   151 | D:2      | Reached skill level 5 in Polearms
   151 | D:2      | Reached XP level 3. HP: 18/28 MP: 3/3
   194 | D:3      | Noticed a two-headed ogre
   256 | D:3      | Killed a two-headed ogre
   256 | D:3      | Reached skill level 7 in Polearms
   256 | D:3      | Reached skill level 5 in Dodging
   256 | D:3      | Reached XP level 4. HP: 34/37 MP: 4/4
   256 | D:3      | Reached XP level 5. HP: 38/42 MP: 5/5
   348 | D:3      | Reached XP level 6. HP: 44/48 MP: 6/6
   397 | D:3      | Found a burning altar of Makhleb.
   550 | D:4      | Found an iron altar of Okawaru.
   586 | D:3      | Noticed Crazy Yiuf
   591 | D:3      | Killed Crazy Yiuf
   668 | D:5      | Entered Level 5 of the Dungeon
   688 | D:6      | Found a shimmering altar of Xom.
   781 | D:4      | Reached skill level 8 in Polearms
   844 | D:4      | Noticed 4tharraofdagon's ghost (weakling MfGl)
   877 | D:5      | Found a shimmering altar of Xom.
   886 | D:5      | Reached XP level 7. HP: 21/55 MP: 7/7
   984 | D:5      | Gained mutation: You have an increased reservoir of magic (+10% MP). [mutagenic meat]
   985 | D:5      | Gained mutation: Your natural rate of healing is unusually fast. [mutagenic meat]
   986 | D:5      | Gained mutation: Your mind is acute. (Int +2) [mutagenic meat]
  1040 | D:5      | Found a bloodstained altar of Trog.
  1043 | D:5      | Found a basalt altar of Yredelemnul.
  1187 | D:5      | Reached skill level 9 in Polearms
  1637 | D:7      | Reached skill level 5 in Fighting
  1753 | D:7      | Found a shattered altar of Ashenzari.
  1786 | D:7      | Reached XP level 8. HP: 62/62 MP: 8/8
  1828 | D:7      | Reached skill level 10 in Polearms
  1929 | D:7      | Found a staircase to the Ecumenical Temple.
  1935 | Temple   | Entered the Ecumenical Temple
  1946 | Temple   | Became a worshipper of Cheibriados the Contemplative
  2150 | D:8      | Noticed Gastronok
  2241 | D:8      | Reached skill level 1 in Evocations
  2344 | D:8      | Noticed a steam dragon
  2368 | D:8      | Killed from afar by a steam dragon

Action                   |  1- 3 |  4- 6 |  7- 9 || total
-------------------------+-------+-------+-------++-------
Melee: Trident           |    30 |       |       ||    30
       Spear             |    25 |    61 |   361 ||   447
Throw: Throwing net      |     7 |       |       ||     7
       Javelin           |     3 |    12 |    18 ||    33
Evoke: Wand              |       |       |     2 ||     2
  Use: Scroll            |       |       |     8 ||     8
       Potion            |       |       |     1 ||     1
 Stab: Held in net/web   |     1 |       |       ||     1
